 Dungeon Crawl Stone Soup version 0.28.0-43-g3370ac3207 (webtiles) character file.

Game seed: 210956910001424718

1627 xzight the Chopper (level 8, -7/51 HPs)
             Began as a Gargoyle Fighter on Mar 18, 2022.
             Mangled by a sun demon (13 damage)
             ... summoned by a kobold demonologist
             ... on level 6 of the Dungeon.
             The game lasted 00:11:18 (6663 turns).

xzight the Chopper (Gargoyle Fighter)               Turns: 6663, Time: 00:11:19

Health: -7/51      AC: 24    Str: 22    XL:     8   Next: 97%
Magic:  8/8        EV:  6    Int: 15    God:
Gold:   206        SH:  5    Dex:  9    Spells: 7/7 levels left

rFire   . . .      SeeInvis .   a - +0 war axe
rCold   . . .      Faith    .   c - +0 buckler
rNeg    + . .      Spirit   .   u - +0 plate armour
rPois   ∞          Reflect  .   e - +1 helmet
rElec   +          Harm     .   d - +0 cloak
rCorr   .          Rampage  .   l - +0 pair of gloves
Will    .....                   k - +0 pair of boots
Stlth   ..........              (no amulet)
HPRegen 0.17/turn               I - +6 ring of intelligence
MPRegen 0.11/turn               (no ring)

@: mighty
A: sickness immunity, AC +5, negative energy resistance 1, electricity
resistance, torment resistance 1, petrification resistance
a: no special abilities


You were on level 6 of the Dungeon.
You visited 1 branch of the dungeon, and saw 6 of its levels.
You also visited: Ossuary.

You collected 206 gold pieces.


Innate Abilities, Weirdness & Mutations

You are immune to sickness and miasma.
Your stone body is resilient. (AC +5)
You are immune to poison.
You resist negative energy. (rN+)
You are resistant to electric shocks. (rElec)
You are resistant to unholy torment.
You are immune to petrification.


   Skills:
 + Level 6.2 Fighting
 * Level 6.6 Axes
 + Level 6.3 Armour
 + Level 6.3 Shields


You had 7 spell levels left.
You didn't know any spells.
Your spell library contained the following spells:

 Spells                   Type           Power      Damage    Failure   Level
 Beastly Appendage        Tmut           0%         N/A       99%         1
 Shock                    Conj/Air       0%         1d3       99%         1
 Wereblood                Tmut           0%         N/A       100%        2
 Spider Form              Tmut/Pois      0%         N/A       100%        3
 Swiftness                Air            0%         N/A       100%        3
 Airstrike                Air            0%         N/A       100%        4

Inventory:

Hand Weapons
 a - a +0 war axe (weapon)
Missiles
 b - 2 silver boomerangs (quivered)
Armour
 c - a +0 buckler (worn)
 d - a +0 cloak (worn)
 e - a +1 helmet (worn)
 k - a +0 pair of boots (worn)
 l - a +0 pair of gloves (worn)
 u - a +0 plate armour (worn)
Jewellery
 I - a +6 ring of intelligence (left hand)
Wands
 w - a wand of flame (19)
Scrolls
 f - 5 scrolls of teleportation {@r2}
 h - 2 scrolls of fog
 j - a scroll of immolation
 n - a scroll of fear
 q - a scroll of vulnerability {unknown}
 r - a scroll of enchant armour
 s - a scroll of enchant weapon {unknown}
Potions
 g - 3 potions of curing {@q1}
 i - 4 potions of lignification
 m - a potion of brilliance
 o - a potion of attraction
 t - 2 potions of heal wounds {@q2}

Dungeon Overview and Level Annotations

Branches:
Dungeon (6/15)            Ossuary (visited)
 Temple: D:4-7

Altars:
Cheibriados
Dithmenos
Sif Muna
Uskayaw
Wu Jian

Shops:
D:1 [   D:2 =

Annotations:
D:6 exclusion: upstairs ..... ▒▒ ▒.... ... ...)▒▒.▒. ..)). .▒▒ 535. ..▒ ▒▒ ▒KY

▒.▒▒..▒ ▒▒3▒ ▒▒▒▒.....▒
▒.@▒▒▒....▒▒
▒▒......▒▒..▒
.............▒▒▒▒▒▒▒▒.▒
.▒ ............▒▒▒▒▒▒▒▒.▒
.▒
...K......▒▒.........▒▒.▒
......./.▒▒..........▒.▒
▒..K.................▒.▒
▒Kn......▒▒......).).▒.▒
▒........▒▒......).....▒


You could see 2 sun demons, a kobold demonologist, an ice beast, an iron imp
(summoned) and an ufetubus (summoned).


Message History

The kobold demonologist barely misses you.
You barely miss the kobold demonologist.
The kobold demonologist is severely wounded.
The kobold demonologist casts a spell.
The kobold demonologist miscasts a cantrip.
You closely miss the kobold demonologist.
The kobold demonologist is severely wounded.
The kobold demonologist barely misses you.
You barely miss the kobold demonologist.
The kobold demonologist is severely wounded.
The chaos spawn degenerates into a cloud of primal chaos!
The kobold demonologist completely misses you.
You slash the kobold demonologist!
You kill the kobold demonologist!
The sun demon is engulfed in seething chaos.
The sun demon suddenly seems more agile.
Your Fighting skill increases to level 6!
You barely miss the sun demon.
The sun demon hits you but does no damage. x2
You slash the sun demon!
The sun demon is moderately wounded.
The kobold demonologist begins to cast a cantrip, but forgets the words!
The sun demon hits you.
* * * LOW HITPOINT WARNING * * *
You are engulfed in flames!
* * * LOW HITPOINT WARNING * * *
The sun demon hits you!
* * * LOW HITPOINT WARNING * * *
You are engulfed in flames!
You die...

Skill      XL: |  1  2  3  4  5  6  7  8 |
---------------+-------------------------+-----
Axes           | 2 3 4 5 6 |  6.6
Fighting       | 4 5 6 |  6.2
Armour         | 4 5 6 |  6.3
Shields        | 4 5 6 |  6.3

Action                   |  1- 3 |  4- 6 |  7- 9 || total
-------------------------+-------+-------+-------++-------
Melee: War axe           |   104 |   101 |   200 ||   405
Throw: Boomerang         |       |       |     1 ||     1
Evoke: Wand              |       |       |     8 ||     8
  Use: Potion            |     1 |       |     2 ||     3
       Scroll            |       |     6 |     6 ||    12
Armor: Scale mail        |    69 |    45 |       ||   114
       Chain mail        |       |    36 |    56 ||    92
       Plate armour      |       |       |   106 ||   106
Dodge: Dodged            |    55 |    48 |    78 ||   181
Block: Buckler           |    22 |    30 |    39 ||    91

Levels and vault maps discovered:
D:1:      shiori_shiawase, layout_basic, serial_shops, shop,
          hangedman_decor_riveting
D:2:      layout_rooms, serial_shops, shop_statue,
          dilly_ecumenical_altar_fadedgnrine, moated_statue, uniq_sigmund,
          uniq_crazy_yiuf_cottage
D:3:      layout_basic, grunt_decor_fettered
D:4:      layout_loops_cross, mainiacjoe_overflow_brackets,
          mainiacjoe_overflow_alcove_2, enter_ossuary_1, kennysheep_doodads
D:5:      layout_gridville, gammafunk_temple_overflow_claw, minmay_starry_boxes
D:6:      layout_rooms

Notes
Turn   | Place    | Note
-------+----------+-------------------------------------------
     0 | D:1      | xzight the Gargoyle Fighter began the quest for the Orb.
     0 | D:1      | Reached XP level 1. HP: 14/14 MP: 1/1
   149 | D:1      | Reached skill level 2 in Axes
   426 | D:1      | Reached XP level 2. HP: 12/19 MP: 2/2
   629 | D:1      | Found Huufar's Armour Boutique.
  1264 | D:1      | Reached XP level 3. HP: 23/23 MP: 3/3
  1431 | D:2      | Found Ratucaec's Jewellery Emporium.
  1864 | D:2      | Found a faded altar of an unknown god.
  1895 | D:2      | Noticed Sigmund
  1902 | D:2      | Killed Sigmund
  1903 | D:2      | Reached skill level 4 in Fighting
  1903 | D:2      | Reached skill level 3 in Axes
  1903 | D:2      | Reached skill level 4 in Armour
  1903 | D:2      | Reached skill level 4 in Shields
  1903 | D:2      | Reached XP level 4. HP: 25/29 MP: 4/4
  1903 | D:2      | Reached XP level 5. HP: 28/33 MP: 5/5
  1982 | D:2      | Found a runed translucent door.
  1983 | D:2      | Noticed Crazy Yiuf
  1992 | D:2      | Killed Crazy Yiuf
  1993 | D:2      | Reached XP level 6. HP: 5/38 MP: 6/6
  2709 | D:3      | Reached skill level 4 in Axes
  3670 | D:4      | Found a shimmering blue altar of Sif Muna.
  3703 | D:4      | Noticed a black bear
  3857 | D:4      | Found a sand-covered staircase.
  3865 | Ossuary  | Entered an ossuary
  3920 | Ossuary  | Reached XP level 7. HP: 44/44 MP: 7/7
  4139 | D:4      | Found a snail-covered altar of Cheibriados.
  4288 | D:4      | Reached skill level 5 in Armour
  4379 | D:4      | Reached skill level 5 in Shields
  4826 | D:5      | Entered Level 5 of the Dungeon
  4923 | D:5      | Reached skill level 5 in Fighting
  4939 | D:5      | Reached skill level 5 in Axes
  5396 | D:5      | Reached XP level 8. HP: 42/49 MP: 8/8
  6066 | D:5      | Found a shadowy altar of Dithmenos.
  6066 | D:5      | Found a hide-covered altar of Uskayaw.
  6066 | D:5      | Found an ornate altar of the Wu Jian Council.
  6154 | D:6      | Noticed a kobold demonologist
  6254 | D:6      | Noticed a kobold demonologist
  6279 | D:6      | Noticed a sixfirhy
  6606 | D:6      | Killed a kobold demonologist
  6607 | D:6      | Reached skill level 6 in Axes
  6607 | D:6      | Reached skill level 6 in Armour
  6607 | D:6      | Reached skill level 6 in Shields
  6648 | D:6      | Noticed a kobold demonologist
  6649 | D:6      | Noticed an ice devil
  6654 | D:6      | Noticed a sun demon
  6659 | D:6      | Noticed a sun demon
  6661 | D:6      | Killed a kobold demonologist
  6662 | D:6      | Reached skill level 6 in Fighting
  6663 | D:6      | Mangled by a sun demon

Vanquished Creatures
  2 kobold demonologists (D:6)
  Sigmund (D:2)
  An ogre (D:5)
  A centaur (D:5)
  2 phantoms
  2 scorpions
  A water moccasin skeleton (D:5)
  A howler monkey (D:5)
  A bullfrog zombie (D:5)
  A hound (D:4)
  A gnoll shaman (D:5)
  Crazy Yiuf (D:2)
  2 iguanas
  2 orc wizards (D:3)
  A hound skeleton (D:4)
  3 mummies (Ossuary)
  A howler monkey skeleton (D:5)
  2 adders
  2 white imps
  2 ufetubi (D:5)
  An adder zombie (Ossuary)
  2 adder skeletons
  2 worms
  2 dart slugs
  8 orcs
  4 ball pythons
  7 endoplasms
  4 giant cockroaches
  6 goblins
  6 hobgoblins
  4 jackals (D:4)
  11 kobolds
  2 quokkas (D:1)
  5 bats
  2 frilled lizards
  5 goblin zombies (Ossuary)
  3 hobgoblin zombies (Ossuary)
  5 kobold zombies (Ossuary)
  2 quokka zombies (Ossuary)
  5 rats
  2 rat zombies (Ossuary)
118 creatures vanquished.

Table legend: (Time is in decaauts)
 A = Elapsed time spent in this place.
 B = Non-inter-level travel time spent in this place.
 C = Inter-level travel time spent in this place.
 D = Time resting spent in this place.
 E = Time spent auto-exploring this place.
 F = Levels seen in this place.
 G = Mean time per level.
                   A        B        C        D        E       F      G
               +--------+--------+--------+--------+--------+-----+--------+
         Total |   6811 |   6429 |    382 |   1657 |   3447 |   7 |  973.0 |
       Dungeon |   6570 |   6188 |    382 |   1621 |   3356 |   6 | 1095.0 |
       Ossuary |    240 |    240 |      0 |     36 |     91 |   1 |  240.0 |
               +--------+--------+--------+--------+--------+-----+--------+

Top non-repeatable levels by time:
     D:5: 1541 daAuts
     D:1: 1454 daAuts
     D:3: 1299 daAuts
     D:4: 1095 daAuts
     D:2: 1021 daAuts
 Ossuary: 240 daAuts
     D:6: 158 daAuts

Table legend:
 A = Non-vault XP
 B = Vault XP
 C = Vault XP percentage of total XP
 D = Non-vault monster count
 E = Vault monster count
 F = Vault count percentage of total count
                 A         B        C        D         E       F
            +---------+---------+-------+---------+---------+-------
      Total |    1760 |     565 |  24.3 |      90 |      28 |  23.7
            +---------+---------+-------+---------+---------+-------
        D:1 |      37 |       0 |   0.0 |      20 |       0 |   0.0
        D:2 |      32 |     267 |  89.3 |      14 |       2 |  12.5
        D:3 |     211 |       0 |   0.0 |      19 |       0 |   0.0
        D:4 |     219 |       0 |   0.0 |      16 |       0 |   0.0
        D:5 |     512 |     221 |  30.2 |      11 |       5 |  31.2
        D:6 |     749 |       0 |   0.0 |      10 |       0 |   0.0
    Ossuary |       0 |      77 | 100.0 |       0 |      21 | 100.0
            +---------+---------+-------+---------+---------+-------
